Map: Disco Bloodbath LE

Players

SaLemandr

  • Race: Terran Terran
  • Spawn Location: 9:00

Chappy - Winner!

  • Race: Zerg Zerg
  • Spawn Location: 3:00

Event: NationWars 2019

VOD

Have the link to the VOD?

Description

Time

  • Played on: Sept. 29, 2019, 3:26 a.m.
  • Length: 12:31
Show
View Real Time Build Order
Export as new Build Order

SaLemandr Terran 

Build Orders:  

Get SALT Encoding   

  12  0:01  SCV  
  13  0:13  SCV  
  14  0:17  Supply Depot  
  14  0:25  SCV  
  15  0:39  SCV  
  15  0:40  Barracks  
  16  0:45  Refinery  
  16  0:51  SCV  
  17  1:03  SCV  
  18  1:15  SCV  
  19  1:27  Orbital Command, Marine  
  20  1:37  Command Center  
  21  1:48  Barracks  
  21  1:50  Marine  
  22  1:54  SCV  
  22  2:01  Supply Depot  
  22  2:09  Barracks Reactor  
  22  2:22  Factory  
  22  2:25  SCV  
  22  2:29  Refinery  
  23  2:35  Barracks Tech Lab  
  23  2:37  SCV  
  24  2:47  Marine x2  
  24  2:49  Orbital Command  
  24  2:51  SCV  
  27  2:55  Marine  
  28  3:02  Stimpack  
  28  3:05  SCV  
  29  3:07  Marine x2  
  31  3:13  Marine  
  31  3:17  SCV  
  31  3:19  SCV  
  34  3:23  Starport  
  34  3:30  Factory Reactor  
  34  3:31  SCV, Marine x2  
  37  3:36  Supply Depot  
  37  3:37  SCV  
  37  3:39  Marine  
  39  3:43  SCV  
  40  3:49  Marine x2  
  40  3:52  SCV  
  43  3:57  Marine  
  43  3:58  Supply Depot  
  44  4:06  SCV x2  
  44  4:09  Medivac x2  
  50  4:14  Marine x2  
  50  4:15  Barracks, Marine  
  53  4:17  Factory Tech Lab  
  53  4:22  Engineering Bay  
  53  4:24  SCV  
  54  4:28  Refinery  
  54  4:31  SCV  
  55  4:32  Marine  
  56  4:42  Combat Shield  
  56  4:51  Marine  
  57  4:53  Terran Infantry Weapons Level 1  
  57  4:57  SCV x2  
  57  4:59  Supply Depot, Marine x2  
  61  5:07  Supply Depot  
  61  5:09  Marine  
  61  5:10  Marine x2  
  61  5:11  Siege Tank  
  67  5:17  Marine  
  68  5:26  Marine x2  
  67  5:32  Supply Depot, Marine x2  
  67  5:33  Supply Depot  
  67  5:34  Medivac  
  67  5:35  Marine  
  72  5:37  SCV  
  72  5:38  SCV  
  74  5:43  Siege Tank, Marine  
  74  5:44  Marine  
  74  5:49  SCV, Marine  
  80  5:50  SCV  
  82  6:01  SCV  
  82  6:03  Marine  
  84  6:05  Command Center  
  84  6:10  Marine x3  
  84  6:11  Marine  
  87  6:13  SCV  
  87  6:16  SCV  
  90  6:20  Marine  
  91  6:27  Marine  
  91  6:28  Marine x2  
  94  6:35  Starport Reactor  
  94  6:36  Barracks  
  94  6:37  Barracks, Factory Reactor  
  94  6:40  SCV x2  
  94  6:43  Refinery  
  94  6:45  Engineering Bay  
  96  6:48  Armory  
  96  6:52  Terran Infantry Armor Level 1  
  96  6:54  SCV  
  96  6:56  Marine  
  98  7:13  Marine  
  98  7:14  Marine  
  76  7:17  Medivac x2  
  76  7:19  Marine x2  
  76  7:21  Marine  
  78  7:28  Barracks Reactor, Widow Mine x2  
  83  7:30  Liberator  
  83  7:33  Liberator  
  83  7:34  Marine x2  
  83  7:35  SCV  
  86  7:37  Marine x2  
  86  7:39  Barracks Reactor  
  86  7:41  SCV, Marine  
  89  7:47  SCV  
  96  7:52  Marine x2  
  96  7:55  Marine x2  
  100  7:59  Orbital Command  
  100  8:01  SCV  
  100  8:03  SCV  
  102  8:08  Terran Infantry Weapons Level 2  
  102  8:09  Marine x2  
  104  8:12  Marine  
  104  8:13  SCV, Marine  
  104  8:14  Marine, Widow Mine  
  104  8:15  SCV  
  104  8:18  Missile Turret  
  111  8:21  Missile Turret  
  111  8:25  SCV  
  111  8:26  SCV, Marine  
  114  8:27  SCV, Marine  
  114  8:29  Liberator  
  116  8:37  SCV  
  117  8:45  Supply Depot  
  117  8:46  SCV, Marine x3  
  117  8:47  Supply Depot x2, Marine x6  
  130  8:51  Terran Infantry Armor Level 2  
  130  8:57  Supply Depot  
  130  9:01  Supply Depot  
  130  9:02  SCV, Supply Depot  
  131  9:04  Marine x2  
  131  9:06  Marine x3  
  136  9:17  Marine x3  
  136  9:21  SCV  
  136  9:22  Terran Vehicle And Ship Armor Level 1, Missile Turret  
  136  9:23  Missile Turret, Widow Mine x2, Marine x3  
  136  9:24  Marine  
  144  9:28  Missile Turret  
  144  9:31  Missile Turret  
  142  9:35  Marine  
  142  9:36  Marine x4  
  147  9:41  Marine x2  
  147  9:43  SCV x2  
  147  9:45  SCV, Widow Mine  
  154  9:59  Command Center  
  149  10:13  Marine x2  
  132  10:14  Marine x2  
  132  10:15  Widow Mine  
  132  10:17  Marine  
  132  10:19  SCV  
  128  10:22  Marine x2  
  128  10:28  Marine  
  126  10:29  Marine  
  126  10:30  SCV x2, Marine  
  126  10:31  SCV  
  129  10:36  Marine  
  129  10:37  Marine  
  129  10:42  SCV x2  
  133  10:43  SCV  
  133  10:45  Marine x2  
  136  10:53  Marine, Widow Mine  
  136  10:54  SCV x2, Marine  
  136  10:55  SCV  
  143  11:00  Marine x2  
  143  11:01  Widow Mine  
  137  11:05  Marine x2  
  137  11:06  SCV x2  
  137  11:10  Marine  
  135  11:18  Marine  
  136  11:21  Marine x2  
  138  11:29  Marine x4  
  138  11:30  SCV  
  138  11:32  SCV  
  144  11:33  SCV  
  143  11:41  Marine x3  
  143  11:42  Widow Mine  
  143  11:43  Medivac x2  
  143  11:46  SCV  
  150  11:57  Marine x2  
  150  11:58  Widow Mine  
  146  12:03  Marine x2  
Show
View Real Time Build Order
Export as new Build Order

Chappy Zerg - Winner!

Build Orders: Hatch First, Muta Ling Bane 

Get SALT Encoding   

  12  0:01  Drone  
  13  0:13  Overlord  
  13  0:17  Drone  
  14  0:32  Drone x2  
  16  0:49  Hatchery  
  15  0:54  Drone  
  16  0:57  Drone  
  16  1:00  Drone  
  18  1:11  Extractor  
  18  1:16  Spawning Pool  
  16  1:19  Drone  
  16  1:22  Drone  
  18  1:28  Drone  
  19  1:39  Drone  
  20  1:50  Overlord  
  20  2:03  Queen x2  
  20  2:04  Zergling x4  
  26  2:11  Drone  
  26  2:12  Drone  
  28  2:18  Metabolic Boost  
  28  2:22  Drone  
  29  2:23  Drone  
  30  2:38  Drone x2  
  30  2:42  Queen  
  34  2:46  Pneumatized Carapace  
  34  2:48  Drone x2  
  36  2:57  Overlord  
  36  3:03  Hatchery  
  35  3:07  Drone  
  36  3:16  Drone x2  
  36  3:17  Drone x4  
  42  3:23  Overlord  
  42  3:28  Queen  
  44  3:38  Overlord  
  44  3:41  Queen  
  44  3:47  Drone x5  
  51  3:54  Drone  
  51  3:55  Overlord  
  52  4:02  Drone x4  
  56  4:07  Queen  
  58  4:12  Overlord  
  58  4:14  Queen  
  61  4:17  Drone x4  
  61  4:21  Queen  
  66  4:25  Drone, Evolution Chamber  
  66  4:33  Drone x2  
  66  4:35  Overlord  
  68  4:42  Zergling x12  
  73  4:46  Queen  
  73  4:47  Overlord  
  73  4:51  Zergling x10  
  80  4:53  Overlord  
  80  4:57  Zerg Ground Armor Level 1  
  80  5:00  Lair  
  80  5:04  Drone x2  
  82  5:07  Baneling Nest  
  82  5:08  Drone x2  
  82  5:11  Overlord  
  83  5:17  Queen  
  83  5:21  Queen  
  83  5:25  Overlord  
  83  5:26  Zergling x12  
  90  5:29  Drone  
  90  5:30  Drone x2  
  90  5:34  Extractor  
  90  5:35  Extractor  
  91  5:41  Zergling x6  
  91  5:42  Zergling x2  
  95  5:44  Hatchery  
  95  5:45  Overlord  
  95  5:49  Zergling x6  
  97  5:57  Drone x2  
  97  5:59  Queen  
  97  6:00  Queen x2  
  105  6:04  Centrifical Hooks  
  105  6:16  Overlord  
  105  6:17  Drone  
  106  6:19  Overlord x3  
  106  6:21  Baneling x4  
  106  6:22  Overlord  
  105  6:26  Baneling x2  
  105  6:28  Overlord  
  105  6:39  Queen x3  
  107  6:41  Zergling x16  
  107  6:43  Baneling x4  
  119  6:50  Zergling x2  
  119  6:51  Zergling x8  
  123  7:00  Evolution Chamber  
  123  7:01  Zergling x12  
  123  7:03  Baneling x3  
  128  7:14  Zergling x20  
  121  7:21  Spire, Extractor  
  121  7:22  Extractor  
  117  7:23  Drone x2  
  117  7:24  Drone, Extractor  
  117  7:25  Drone  
  117  7:28  Drone x4  
  122  7:40  Drone x5  
  127  7:45  Zerg Ground Armor Level 2  
  127  7:50  Drone x7  
  134  7:58  Zerg Melee Weapons Level 1  
  134  8:00  Drone x5  
  134  8:01  Overlord  
  139  8:12  Baneling x3  
  139  8:17  Zergling x4  
  139  8:18  Hatchery  
  139  8:19  Hatchery  
  139  8:20  Extractor  
  139  8:23  Extractor  
  137  8:33  Drone x3  
  140  8:34  Drone x3  
  140  8:39  Mutalisk  
  140  8:40  Mutalisk x5  
  154  8:44  Zerg Flyer Weapons Level 1, Overlord  
  154  8:47  Drone x3  
  154  8:48  Drone, Overlord  
  158  8:55  Spore Crawler  
  157  8:56  Spore Crawler  
  157  8:58  Spore Crawler  
  157  9:00  Spore Crawler  
  154  9:02  Infestation Pit  
  154  9:06  Zergling x20  
  161  9:14  Drone x3  
  161  9:15  Drone  
  163  9:22  Drone x8  
  171  9:38  Baneling x6, Overlord  
  171  9:40  Hive  
  171  9:45  Zergling x30  
  185  9:55  Baneling x3  
  183  10:09  Zergling x28  
  191  10:15  Zerg Melee Weapons Level 2, Zerg Missile Weapons Level 1, Overlord  
  191  10:16  Zergling x10  
  180  10:32  Zergling x22  
  184  10:37  Baneling x6  
  184  10:40  Baneling x6  
  182  10:51  Zergling x16  
  182  10:52  Zergling x10, Nydus Network  
  182  10:53  Baneling x9  
  182  10:54  Baneling x3  
  193  11:04  Zergling x14  
  196  11:05  Baneling x4  
  196  11:09  Ultralisk Cavern, Greater Spire  
  183  11:19  Corruptor x8  
  186  11:29  Zergling x28  
  192  11:48  Zergling x8  
  192  11:51  Nydus Canal  
  191  11:56  Zergling x12  
  191  11:58  Overlord  
  191  12:00  Baneling x6  
  191  12:01  Baneling x6, Overlord  
  182  12:11  Zergling x34  
  182  12:13  Baneling  
  182  12:14  Baneling x7  
  182  12:15  Baneling x6  
Tags
 
Add a new tag
Caveats
  • Supply blocks, unpowered buildings, or Contaminate may cause inaccurate times.
  • Supply counts are checked every 10 seconds.